 Dungeon Crawl Stone Soup version 0.31-a0-66-ge618eeaa78 (webtiles) character file.

Game seed: 1544659448002608525

277 funkygono the Covered (level 6, -1/53 HPs)
             Began as a Minotaur Fighter on May 22, 2023.
             Slain by Duvessa
             ... wielding a +1 short sword of speed
              (2 damage)
             ... on level 4 of the Dungeon.
             The game lasted 00:03:55 (2881 turns).

funkygono the Covered (Minotaur Fighter)            Turns: 2881, Time: 00:03:56

Health: -1/53      AC: 12    Str: 22    XL:     6   Next: 4%
Magic:  5/5        EV:  6    Int:  5    God:
Gold:   90         SH:  4    Dex: 10    Spells: 5/5 levels left

rFire   . . .        a - +0 war axe
rCold   . . .        c - +0 buckler
rNeg    . . .        m - +0 plate armour
rPois   .            (helmet restricted)
rElec   .            (no cloak)
rCorr   .            (no gloves)
SInv    .            (no boots)
Will    .....        (no amulet) Stlth
                     (no ring)
HPRegen 0.28/turn    (no ring)
MPRegen 0.09/turn

%: no passive effects
@: lethally poisoned (-1 -> -11)
A: horns 2, retaliatory headbutt
a: no special abilities


You were on level 4 of the Dungeon.
You visited 1 branch of the dungeon, and saw 4 of its levels.

You collected 150 gold pieces.
You spent 60 gold pieces at shops.

Inventory:

Hand Weapons
 a - a +0 war axe (weapon)
Armour
 c - a +0 buckler (worn)
 m - a +0 plate armour (worn)
Scrolls
 b - a scroll of enchant weapon {unknown}
 e - a scroll of poison {unknown}
 f - a scroll of summoning {unknown}
 g - a scroll of noise {unknown}
 j - 3 scrolls of fear {unknown}
 k - 2 scrolls of identify {unknown}
 l - a scroll of amnesia {unknown}
 o - a scroll of teleportation {unknown}
Potions
 d - a potion of might
 h - 2 potions of brilliance {unknown}
 i - 2 potions of curing {unknown}
 n - a potion of haste {unknown}
 p - a potion of magic {unknown}
 q - a potion of invisibility {unknown}


   Skills:
 + Level 4.7 Fighting
 + Level 5.1 Axes
 + Level 5.1 Armour
 + Level 1.6 Dodging
 + Level 4.2 Shields


You had 5 spell levels left.
You didn't know any spells.
Your spell library contained the following spells:

 Spells                   Type           Power      Damage    Failure   Level
 Blink                    Tloc           0%         N/A       100%        2
 Lesser Beckoning         Tloc           0%         N/A       100%        2
 Momentum Strike          Conj/Tloc      0%         3d8       100%        2


Dungeon Overview and Level Annotations

Branches:
Dungeon (4/15)
 Temple: D:4-7

Altars:
Cheibriados
Sif Muna
Uskayaw

Shops:
D:3 !

Annotations:
D:4 Duvessa


Innate Abilities, Weirdness & Mutations

You have a pair of horns on your head.
You reflexively headbutt those who attack you in melee.


Message History

The bolt of dispelling energy hits you!
* * * LOW HITPOINT WARNING * * *
You block Duvessa's attack.
You hit Duvessa.
Duvessa is severely wounded.
You slash Dowan!
* * * LOW HITPOINT WARNING * * *
You feel very sick. You block Dowan's attack.
Duvessa hits you with a +1 short sword of speed.
* * * LOW HITPOINT WARNING * * *
Duvessa says, "Where magic fails, the sword succeeds!"
Duvessa hits you but does no damage. Dowan hits you but does no damage.
You are more poisoned.
You feel much better.
You feel sick. Duvessa hits you but does no damage.
Dowan hits you but does no damage.
You are more poisoned.
Duvessa hits you with a +1 short sword of speed!
You hit Duvessa. Your headbutt misses Duvessa.
Duvessa is severely wounded.
You hit Dowan.
* * * LOW HITPOINT WARNING * * *
You feel very sick.
Duvessa hits you with a +1 short sword of speed.
* * * LOW HITPOINT WARNING * * *
Dowan barely misses you. You furiously retaliate!
You headbutt Dowan.
You kill Dowan!
Duvessa weeps, and shakes her weapon.
Duvessa goes berserk!
Duvessa hits you with a +1 short sword of speed.
* * * LOW HITPOINT WARNING * * *
Your Axes skill increases to level 5!
Your Armour skill increases to level 5!
You have reached level 6!
You barely miss Duvessa.
Duvessa is severely wounded.
* * * LOW HITPOINT WARNING * * *
You feel very sick. Duvessa hits you but does no damage.
Duvessa hits you with a +1 short sword of speed.
You die...

......#.#..###
.....#.....#.
............
...........
..........# .
..........# #..
...^..)e.:# ....
.......@## .....
.........#......
.#......<.#
##.....###
##..### ###


You could see Duvessa (berserk).

Vanquished Creatures
  Dowan (D:4)
  Robin (D:2)
  8 gnolls (D:2)
  6 adders
  3 worms (D:2)
  3 dart slugs
  4 ball pythons
  10 endoplasms
  A giant cockroach (D:2)
  13 goblins
  8 hobgoblins
  A quokka (D:1)
  3 bats
  4 frilled lizards
  7 kobolds
  7 rats
80 creatures vanquished.

Notes
Turn   | Place    | Note
-------+----------+-------------------------------------------
     0 | D:1      | funkygono the Minotaur Fighter began the quest for the Orb.
     0 | D:1      | Reached XP level 1. HP: 19/19 MP: 0/0
   322 | D:1      | Reached XP level 2. HP: 23/27 MP: 1/1
   964 | D:2      | Reached XP level 3. HP: 33/33 MP: 2/2
  1269 | D:2      | Reached XP level 4. HP: 7/40 MP: 3/3
  1270 | D:2      | Reached skill level 1 in Dodging
  1479 | D:2      | Noticed Robin
  1508 | D:2      | Killed Robin
  1844 | D:2      | Reached XP level 5. HP: 35/47 MP: 4/4
  2540 | D:3      | Identified the +10 spear of the Globe {heavy, rF+}
  2725 | D:3      | Found Nasyasymol's Distillery.
  2734 | D:3      | Bought a potion of heal wounds for 60 gold pieces
  2826 | D:3      | Found a snail-covered altar of Cheibriados.
  2829 | D:3      | Found a shimmering blue altar of Sif Muna.
  2833 | D:3      | Found a hide-covered altar of Uskayaw.
  2872 | D:4      | Noticed Duvessa
  2872 | D:4      | Noticed Dowan
  2878 | D:4      | HP: 1/47 [Duvessa/+1 short sword of speed (6)]
  2880 | D:4      | Killed Dowan
  2881 | D:4      | Reached skill level 5 in Axes
  2881 | D:4      | Reached skill level 5 in Armour
  2881 | D:4      | Reached XP level 6. HP: 4/53 MP: 5/5
  2881 | D:4      | Slain by Duvessa

Illustrated notes

Levels and vault maps discovered:
D:1:      dpeg_arrival_long_road, layout_basic
D:2:      layout_loops_corners, kennysheep_generic_room_6, uniq_robin
D:3:      layout_rooms, grunt_temple_overflow_diamond, serial_shops,
          nicolae_shop_stone
D:4:      layout_cave_pools, trog_book, nicolae_wu_jian_immortal_techniques,
          uniq_ijyb, uniq_pikel, uniq_grinder, uniq_duvessa

Skill      XL: |  1  2  3  4  5 |
---------------+----------------+-----
Armour         | 4 5 |  5.1
Shields        | 4 |  4.2
Fighting       | 4 |  4.7
Axes           | 3 4 5 |  5.1
Dodging        | 1 |  1.6

Action                     |  1- 3 |  4- 6 || total
---------------------------+-------+-------++-------
  Melee: War axe           |    71 |    92 ||   163
         Headbutt          |     8 |    11 ||    19
    Use: Potion            |       |     1 ||     1
 Armour: Scale mail        |    42 |    33 ||    75
         Plate armour      |       |    24 ||    24
  Dodge: Dodged            |    33 |    53 ||    86
  Block: Buckler           |    18 |    22 ||    40

Table legend: (Time is in decaauts)
 A = Elapsed time spent in this place.
 B = Non-inter-level travel time spent in this place.
 C = Inter-level travel time spent in this place.
 D = Time resting spent in this place.
 E = Time spent auto-exploring this place.
 F = Levels seen in this place.
 G = Mean time per level.
                   A        B        C        D        E       F      G
               +--------+--------+--------+--------+--------+-----+--------+
         Total |   2938 |   2827 |    111 |      0 |   2262 |   4 |  734.5 |
       Dungeon |   2938 |   2827 |    111 |      0 |   2262 |   4 |  734.5 |
               +--------+--------+--------+--------+--------+-----+--------+

Top non-repeatable levels by time:
     D:2: 1330 daAuts
     D:1: 976 daAuts
     D:3: 621 daAuts
     D:4: 10 daAuts
